 Dungeon Crawl Stone Soup version 0.30-a0-916-g98134172ad (webtiles) character file.

Game seed: 16798818323131935991

2574 Gynju the Blocker (level 9, -3/79 HPs)
             Began as a Minotaur Fighter on Mar 19, 2023.
             Killed from afar by an electric eel (8 damage)
             ... with a bolt of electricity
             ... on level 7 of the Dungeon on Mar 20, 2023.
             The game lasted 00:08:57 (5028 turns).

Gynju the Blocker (Minotaur Fighter)                Turns: 5028, Time: 00:08:58

Health: -3/79      AC: 18    Str: 24    XL:     9   Next: 32%
Magic:  8/8        EV:  6    Int:  5    God:
Gold:   363        SH:  8    Dex: 11    Spells: 8/8 levels left

rFire   . . .      SeeInvis .    a - +0 war axe
rCold   . . .      Faith    .    o - +2 buckler
rNeg    . . .      Spirit   .    w - +0 plate armour
rPois   .          Reflect  .    (helmet restricted)
rElec   .          Rampage  .    F - scarf {shadows}
rCorr   .                        v - +0 pair of gloves
Will    .....                    (no boots) Stlth
                                 (no amulet)
HPRegen 0.33/turn                e - +4 ring of protection
MPRegen 0.11/turn                (no ring)

@: no status effects
A: horns 2, retaliatory headbutt
a: no special abilities


You were on level 7 of the Dungeon.
You visited 1 branch of the dungeon, and saw 7 of its levels.

You collected 363 gold pieces.

Inventory:

Hand Weapons
 a - a +0 war axe (weapon)
Missiles
 G - a curare-tipped dart (quivered)
Armour
 o - a +2 buckler (worn)
 p - a +0 cloak
 v - a +0 pair of gloves (worn)
 w - a +0 plate armour (worn)
 F - a scarf of shadows (worn)
Jewellery
 e - a +4 ring of protection (left hand)
Wands
 b - a wand of quicksilver (13)
 r - a wand of flame (11)
 x - a wand of roots (5)
Scrolls
 c - a scroll of vulnerability {unknown}
 g - a scroll of blinking {unknown}
 i - 2 scrolls of immolation {unknown}
 j - 7 scrolls of identify {unknown}
 l - 2 scrolls of fog {unknown}
 n - a scroll of acquirement {unknown}
 u - a scroll of fear {unknown}
 y - a scroll of teleportation {unknown}
 z - a scroll of butterflies {unknown}
 D - 3 scrolls of enchant weapon {unknown}
 E - a scroll of silence {unknown}
Potions
 d - a potion of might
 f - 3 potions of heal wounds
 h - a potion of degeneration {unknown}
 k - a potion of ambrosia {unknown}
 m - 4 potions of curing {unknown}
 q - 2 potions of cancellation {unknown}
 s - 2 potions of brilliance {unknown}
 t - 4 potions of lignification {unknown}
 A - a potion of haste {unknown}
 B - a potion of invisibility {unknown}
 C - a potion of resistance {unknown}
 H - a potion of berserk rage {unknown}


   Skills:
 + Level 7.2 Fighting
 * Level 9.1 Axes
 + Level 7.1 Armour
 * Level 9.6 Shields


You had 8 spell levels left.
You didn't know any spells.
Your spell library contained the following spells:

 Spells                   Type           Power      Damage    Failure   Level
 Ensorcelled Hibernation  Hex/Ice        0%         N/A       100%        2
 Lesser Beckoning         Tloc           0%         N/A       100%        2
 Passwall                 Tmut/Erth      0%         N/A       100%        2
 Dazzling Flash           Conj/Hex       0%         N/A       100%        3
 Gell's Gravitas          Tloc           0%         N/A       100%        3
 Swiftness                Air            0%         N/A       100%        3
 Teleport Other           Tloc           0%         N/A       100%        3
 Iskenderun's Mystic Bla  Conj/Tloc      0%         2d3       100%        4
 Olgreb's Toxic Radiance  Pois           0%         N/A       100%        4
 Starburst                Conj/Fire      0%         6d3       100%        6
 Ozocubu's Refrigeration  Ice            0%         4d7       100%        7
 Ignition                 Fire           0%         3d3       100%        8


Dungeon Overview and Level Annotations

Branches:
Dungeon (7/15)
 Temple: D:4-7

Altars:
Sif Muna
Uskayaw
Xom
Zin

Shops:
D:7 :(


Innate Abilities, Weirdness & Mutations

You have a pair of horns on your head.
You reflexively headbutt those who attack you in melee.


Message History

The electric eel is lightly wounded.
The electric eel shoots out a bolt of lightning at you!
The bolt of electricity hits you. The bolt of electricity hits you!
The bolt of electricity hits the electric eel.
The electric eel completely resists.
You miss the electric eel. You headbutt the electric eel.
The electric eel is moderately wounded.
The electric eel shoots out a bolt of lightning at you!
The bolt of electricity hits you! The bolt of electricity hits you.
The bolt of electricity hits the electric eel.
The electric eel completely resists.
You closely miss the electric eel.
The electric eel is lightly wounded.
The electric eel shoots out a bolt of lightning at you!
The bolt of electricity hits you.
* * * LOW HITPOINT WARNING * * *
The bolt of electricity hits you.
* * * LOW HITPOINT WARNING * * *
The bolt of electricity hits the electric eel.
The electric eel completely resists.
You slash the electric eel!
The electric eel is severely wounded.
You closely miss the electric eel. You headbutt the electric eel.
The electric eel is severely wounded.
You miss the electric eel.
The electric eel is severely wounded.
You closely miss the electric eel.
The electric eel is severely wounded.
The electric eel shoots out a bolt of lightning at you!
The bolt of electricity hits you!
* * * LOW HITPOINT WARNING * * *
The bolt of electricity hits you.
* * * LOW HITPOINT WARNING * * *
The bolt of electricity hits the electric eel.
The electric eel completely resists.
You hit the electric eel.
The electric eel is severely wounded.
The electric eel shoots out a bolt of lightning at you!
The bolt of electricity hits you!
You die...

######## .# #⌠.....###.###
#..≈≈≈.......#
#.≈≈≈≈≈......###
#∩≈≈≈≈≈........#
#.≈≈≈S≈........# #####
#..≈≈≈@.....<... #...
#⌠.....#........
##.###############......∩.
..........................
.....#........##....##8...
.....†........##....# #..
....##........##.....# .
....##........##...#+#
....##........####.+


You could see an electric eel.

Vanquished Creatures
  Pikel (D:6)
  Sigmund (D:2)
  Menkaure (D:6)
  4 black bears
  A sky beast (D:6)
  An ice beast (D:7)
  2 ogres
  2 centaurs
  A kobold brigand (D:6)
  A bullfrog (D:7)
  A scorpion (D:4)
  3 howler monkeys (D:7)
  4 hounds
  2 jellies
  A gnoll bouda (D:5)
  A sleepcap (D:6)
  Jessica (D:2)
  5 iguanas
  An orc wizard (D:5)
  7 gnolls
  10 adders
  A worm (D:4)
  3 dart slugs
  8 orcs
  10 ball pythons
  6 bats
  10 endoplasms
  2 giant cockroaches
  5 goblins
  5 hobgoblins
  6 kobolds
  6 quokkas
  2 frilled lizards (D:2)
  5 rats
120 creatures vanquished.

Notes
Turn   | Place    | Note
-------+----------+-------------------------------------------
     0 | D:1      | Gynju the Minotaur Fighter began the quest for the Orb.
     0 | D:1      | Reached XP level 1. HP: 19/19 MP: 0/0
   211 | D:1      | Reached XP level 2. HP: 27/27 MP: 1/1
   869 | D:2      | Reached XP level 3. HP: 26/33 MP: 2/2
   935 | D:2      | Noticed Sigmund
   942 | D:2      | Killed Sigmund
   943 | D:2      | Reached skill level 5 in Shields
   943 | D:2      | Reached XP level 4. HP: 35/41 MP: 3/3
   943 | D:2      | Reached XP level 5. HP: 41/47 MP: 4/4
  1365 | D:2      | Found a glowing silver altar of Zin.
  1469 | D:2      | Noticed Jessica
  1475 | D:2      | Killed Jessica
  1476 | D:2      | Reached XP level 6. HP: 52/53 MP: 5/5
  1817 | D:3      | Found a faded altar of an unknown god.
  2234 | D:4      | Reached skill level 5 in Axes
  2610 | D:4      | You fall into a shaft and drop 1 floor!
  2610 | D:5      | Entered Level 5 of the Dungeon
  2828 | D:4      | Reached skill level 5 in Fighting
  2916 | D:4      | Reached skill level 5 in Armour
  2916 | D:4      | Reached XP level 7. HP: 40/61 MP: 6/6
  3116 | D:5      | Found a shimmering altar of Xom.
  3184 | D:5      | Found a hide-covered altar of Uskayaw.
  3643 | D:5      | Reached XP level 8. HP: 65/70 MP: 7/7
  4081 | D:6      | Noticed Pikel
  4103 | D:6      | Killed Pikel
  4365 | D:6      | Reached XP level 9. HP: 71/78 MP: 8/8
  4365 | D:6      | Upgraded the game from 0.30-a0-912-ge10d75a369 to
                  | 0.30-a0-916-g98134172ad
  4387 | D:6      | Noticed Menkaure
  4391 | D:6      | Killed Menkaure
  4757 | D:6      | Found a shimmering blue altar of Sif Muna.
  5014 | D:7      | Found Weucoiq's Weapon Shop.
  5017 | D:7      | Found Ygoe's Book Emporium.
  5028 | D:7      | Killed from afar by an electric eel

Illustrated notes

Levels and vault maps discovered:
D:1:      lemuel_arrival_river_ford, layout_rooms, serial_forest,
          infiniplex_forest_end_double, infiniplex_forest_diagonal,
          infiniplex_forest_straight_3, infiniplex_forest_straight_5,
          infiniplex_forest_end_2, infiniplex_forest_clump_double,
          infiniplex_forest_straight_1, infiniplex_forest_lined_3,
          infiniplex_forest_lined_3
D:2:      layout_basic, basic_altar, guppyfry_early_lair_pool, uniq_jessica,
          uniq_sigmund
D:3:      layout_loops_ring, shapermc_ecumenical_altar_notcrosses
D:4:      layout_gridville, minmay_mini_jars
D:5:      cheibrodos_helix_gallery, layout_rooms, mainiacjoe_overflow_brackets,
          mainiacjoe_overflow_cross_hatched, due_unseen_surprise
D:6:      layout_gridville, tgw_sif, uniq_menkaure, uniq_pikel
D:7:      layout_basic, nicolae_overflow_squiral,
          mainiacjoe_overflow_small_starburst, kennysheep_mini,
          minmay_temple_entry_steel_oval, serial_shops, nicolae_lakefront_shop,
          nicolae_shop_temple_entry_statues_fountains, nicolae_stop_n_shop_1,
          grunt_ministairs_13

Skill      XL: |  1  2  3  4  5  6  7  8  9 |
---------------+----------------------------+-----
Shields        | 4 5 6 7 9 |  9.6
Axes           | 3 4 5 6 8 9 |  9.1
Fighting       | 4 5 6 7 |  7.2
Armour         | 4 5 6 7 |  7.1

Action                     |  1- 3 |  4- 6 |  7- 9 || total
---------------------------+-------+-------+-------++-------
  Melee: War axe           |    67 |   113 |   162 ||   342
         Headbutt          |    10 |    13 |    37 ||    60
 Armour: Scale mail        |    37 |    24 |       ||    61
         Plate armour      |       |    36 |   114 ||   150
  Dodge: Dodged            |    39 |    34 |    41 ||   114
  Block: Buckler           |    17 |    45 |    70 ||   132

Table legend: (Time is in decaauts)
 A = Elapsed time spent in this place.
 B = Non-inter-level travel time spent in this place.
 C = Inter-level travel time spent in this place.
 D = Time resting spent in this place.
 E = Time spent auto-exploring this place.
 F = Levels seen in this place.
 G = Mean time per level.
                   A        B        C        D        E       F      G
               +--------+--------+--------+--------+--------+-----+--------+
         Total |   5124 |   4883 |    241 |    205 |   3661 |   7 |  732.0 |
       Dungeon |   5124 |   4883 |    241 |    205 |   3661 |   7 |  732.0 |
               +--------+--------+--------+--------+--------+-----+--------+

Top non-repeatable levels by time:
     D:6: 1071 daAuts
     D:4: 1027 daAuts
     D:1: 929 daAuts
     D:2: 740 daAuts
     D:5: 634 daAuts
     D:3: 555 daAuts
     D:7: 165 daAuts
